 Dungeon Crawl Stone Soup version 0.30-a0-613-gdd512c7efb (webtiles) character file.

Game seed: 944980558852644331

156345 OTABOTABOTAB the Eclecticist (level 17, -7/106 HPs)
             Began as a Deep Elf Conjurer on Jan 8, 2023.
             Was the Champion of Vehumet.
             Shot with an arrow by something (10 damage)
             ... on level 3 of the Elven Halls.
             The game lasted 01:47:21 (31813 turns).

OTABOTABOTAB the Eclecticist (Deep Elf Conjurer)   Turns: 31813, Time: 01:47:21

Health: -7/106     AC: 14    Str:  4    XL:     17   Next: 10%
Magic:  22/50      EV: 19    Int: 43    God:    Vehumet [******]
Gold:   1226       SH: 10    Dex: 13    Spells: 10/52 levels left

rFire   + . .      SeeInvis .    b - staff of conjuration
rCold   + . .      Faith    .    z - +0 buckler of the World {Will++ Str-4 Int+5}
rNeg    + . .      Spirit   .    u - +1 robe {rC+}
rPois   +          Reflect  +    g - +2 hat
rElec   +          Harm     .    Q - +2 cloak {rPois}
rCorr   .          Rampage  .    v - +2 pair of gloves
Will    +++..                    s - +2 pair of boots of Integrity {Slay+5, s}
Stlth   +++                      x - amulet of reflection
HPRegen 0.37/turn                t - ring of Mistrust {rN+ Int+6}
MPRegen 0.32/turn                Z - ring of Paranoia {rElec rF+ MP+9 Str+4 Stlth+}

@: no status effects
A: no striking features
a: Renounce Religion


You were on level 3 of the Elven Halls.
You worshipped Vehumet.
Vehumet was exalted by your worship.
You visited 5 branches of the dungeon, and saw 23 of its levels.
You visited 1 bazaar.
You also visited: Gauntlet.

You collected 3075 gold pieces.
You spent 1849 gold pieces at shops.

Inventory:

Armour
 g - a +2 hat (worn)
   (You found it on level 4 of the Dungeon)
 s - the +2 pair of boots of Integrity (worn) {Slay+5, s}
   (You found it in a Gauntlet)

   Slay:      It affects your accuracy & damage with ranged weapons and melee
   (+5).
 u - a +1 robe of cold resistance (worn)
   (You took it off Fannar on level 1 of the Lair of Beasts)
 v - a +2 pair of gloves (worn)
   (You found it on level 1 of the Dungeon)
 z - the +0 buckler of the World (worn) {Will++ Str-4 Int+5}
   (You acquired it on level 2 of the Orcish Mines)

   Str:       It affects your strength (-4).
   Int:       It affects your intelligence (+5).
   Will:      It greatly increases your willpower.
 Q - a +2 cloak of poison resistance (worn)
   (You found it on level 9 of the Dungeon)
Magical Staves
 a - a staff of fire {rF+}
   (You found it on level 3 of the Dungeon)
 b - a staff of conjuration (weapon)
   (You bought it in a shop on level 3 of the Dungeon)
Jewellery
 e - a ring of resist corrosion
   (You found it on level 2 of the Dungeon)
 k - a ring of positive energy {rN+}
   (You found it on level 5 of the Lair of Beasts)
 t - the ring of Mistrust (left hand) {rN+ Int+6}
   (You found it in a Gauntlet)

   [ring of intelligence]

   Int:       It affects your intelligence (+6).
   rN:        It protects you from negative energy.
 x - an amulet of reflection (around neck)
   (You found it on level 4 of the Dungeon)
 A - an amulet of magic regeneration
   (You found it on level 11 of the Dungeon)
 C - a ring of protection from cold {rC+, !d}
   (You found it on level 4 of the Lair of Beasts)
 F - a ring of protection from fire {rF+, !d}
   (You found it on level 3 of the Lair of Beasts)
 Z - the ring of Paranoia (right hand) {rElec rF+ MP+9 Str+4 Stlth+}
   (You found it in a Gauntlet)

   [ring of magical power]

   Str:       It affects your strength (+4).
   rF:        It protects you from fire.
   rElec:     It insulates you from electricity.
   MP:        It affects your magic capacity (+9).
   Stlth:     It makes you more stealthy.
Wands
 d - a wand of digging (2)
   (You took it off Pikel on level 4 of the Dungeon)
 h - a wand of acid (5)
   (You took it off a kobold on level 4 of the Dungeon)
 j - a wand of polymorph (14)
   (You found it on level 1 of the Lair of Beasts)
 m - a wand of roots (15)
   (You took it off Maurice on level 8 of the Dungeon)
 p - a wand of paralysis (33)
   (You took it off Ijyb on level 4 of the Dungeon)
 y - a wand of mindburst (7)
   (You took it off an orc on level 1 of the Elven Halls)
Scrolls
 c - 3 scrolls of poison
 f - 3 scrolls of enchant armour
 i - 4 scrolls of amnesia
 l - 3 scrolls of enchant weapon
 n - 5 scrolls of fog
 r - 8 scrolls of identify {@r1}
 D - a scroll of blinking {!r}
 E - a scroll of fear
 K - 4 scrolls of immolation {!r}
 O - a scroll of silence
 S - 2 scrolls of summoning
 V - a scroll of vulnerability {!r!r}
 W - a scroll of brand weapon
 X - 2 scrolls of magic mapping {@r4!r}
 Y - 14 scrolls of teleportation {@r3}
Potions
 o - 4 potions of attraction {!q}
 w - 2 potions of cancellation
 B - 3 potions of brilliance
 G - 5 potions of ambrosia {!q}
 H - 2 potions of haste
 I - a potion of invisibility
 J - 7 potions of curing {@q1}
 L - 4 potions of flight
 M - 10 potions of might
 N - a potion of heal wounds {@q2}
 P - 3 potions of lignification {!q}
 R - a potion of resistance
 T - a potion of berserk rage {!q}
 U - 9 potions of mutation {!q}


   Skills:
 + Level 11.8 Fighting
 + Level 16.6 Dodging
 - Level 2.4 Stealth
 - Level 5.0 Shields
 - Level 18.4 Spellcasting
 - Level 18.2 Conjurations
 - Level 3.0 Hexes
 - Level 3.0 Translocations
 + Level 11.8 Fire Magic


You had 10 spell levels left.
You knew the following spells:

 Your Spells              Type           Power      Damage    Failure   Level
a - Magic Dart            Conj           100%       1d8       0%          1
b - Searing Ray           Conj           100%       2d8       0%          2
c - Fulminant Prism       Conj/Hex       57%        3d24      1%          4
d - Starburst             Conj/Fire      65%        6d17      1%          6
e - Orb of Destruction    Conj           69%        9d16      1%          7
f - Fireball              Conj/Fire      65%        3d25      1%          5
g - Ignition              Fire           48%        3d14      11%         8
x - Iskenderun's Mystic   Conj/Tloc      100%       2d19      1%          4
z - Iskenderun's Battles  Conj           100%       2d15      0%          5

Your spell library contained the following spells:

 Spells                   Type           Power      Damage    Failure   Level
 Momentum Strike          Conj/Tloc      100%       3d10      0%          2
 Flame Wave               Conj/Fire      100%       2d21      0%          4
 Sticky Flame             Conj/Fire      100%       2d11      0%          4
 Slow                     Hex            100%       N/A       1%          1
 Blink                    Tloc           100%       N/A       1%          2
 Ensorcelled Hibernation  Hex/Ice        100%       N/A       1%          2
 Confusing Touch          Hex            60%        N/A       1%          3
 Dazzling Flash           Conj/Hex       100%       N/A       1%          3
 Frozen Ramparts          Ice            78%        1d12      1%          3
 Inner Flame              Hex/Fire       80%        N/A       1%          3
 Lesser Beckoning         Tloc           100%       N/A       1%          3
 Portal Projectile        Hex/Tloc       100%       N/A       1%          3
 Tukima's Dance           Hex            60%        N/A       1%          3
 Freezing Cloud           Conj/Ice/Air   47%        6-21      1%          5
 Conjure Ball Lightning   Conj/Air       54%        3x3d20    1%          6
 Spider Form              Tmut/Pois      39%        N/A       2%          3
 Vampiric Draining        Necr           39%        2d8       2%          3
 Manifold Assault         Tloc           60%        N/A       2%          4
 Anguish                  Hex/Necr       25%        N/A       4%          4
 Ice Form                 Ice/Tmut       39%        N/A       8%          4
 Summon Ice Beast         Ice/Summ       39%        N/A       8%          4
 Summon Forest            Summ/Tloc      25%        N/A       12%         5
 Summon Mana Viper        Hex/Summ       51%        N/A       12%         5
 Blade Hands              Tmut           19%        N/A       22%         5
 Eringya's Noxious Bog    Tmut/Pois      19%        N/A       28%         6
 Simulacrum               Ice/Necr       19%        N/A       75%         6
 Enfeeble                 Hex            30%        N/A       88%         7
 Monstrous Menagerie      Summ           19%        N/A       100%        7
 Storm Form               Tmut/Air       19%        N/A       100%        7
 Summon Hydra             Summ           19%        N/A       100%        7
 Polar Vortex             Ice            19%        N/A       100%        9


Dungeon Overview and Level Annotations

Branches:
Dungeon (12/15)            Temple (1/1) D:5            Lair (5/5) D:9
 Shoals (0/4) Lair:2       Spider (0/4) Lair:2        Slime (0/5) Lair:4
    Orc (2/2) D:12            Elf (3/3) Orc:2       Gauntlet (visited)

Altars:
Cheibriados
Dithmenos
Elyvilon
Fedhas
Hepliaklqana
Kikubaaqudgha
Makhleb
Nemelex Xobeh
Okawaru
Qazlal
Ru
Trog
Vehumet
Wu Jian
Yredelemnul
Zin
The Shining One
Jiyva

Shops:
D:3 *   Orc:2 :(!?=   Elf:1 (

Annotations:
Elf:1 6 runed translucent doors


Message History

You now have 1226 gold pieces (gained 84).
Items here: )) ? [.
What are your orders? t - Shout!
Orders for allies: a - Attack new target. r - Retreat! s - Stop attacking. g - Guard the area. f - Follow me.
Anything else - Cancel.
You shout for attention!
What are your orders? t - Shout!
Orders for allies: a - Attack new target. r - Retreat! s - Stop attacking. g - Guard the area. f - Follow me.
Anything else - Cancel.
You shout for attention!
You see here a +0 long sword.
m - a wand of roots (15) (gained 3 charges)
You see here a +0 mace.
There is an open door here.
A deep elf sorcerer comes into view.
It is wielding the +8 war axe of Ryont {drain, Str+2} and wearing the ring "Cuenlasm" {Fly rF++ AC+4 Str-3 Dex+3}.
A deep elf demonologist comes into view.
It is wielding a +0 long sword.
You feel a surge of power!
The bolt of fire hits the deep elf demonologist!!!
You kill the deep elf demonologist!
Vehumet accepts your kill.
You feel your power returning.
The bolt of fire hits the deep elf sorcerer!
The deep elf sorcerer resists.
You now have 37/50 mp.
You feel a surge of power!
The bolt of fire misses the deep elf sorcerer.
Your battlesphere fires!
The barrage of energy hits the deep elf sorcerer!
You now have 32/50 mp.
You feel a surge of power!
You erupt in a blast of force!
The mystic blast hits the deep elf sorcerer!
The deep elf sorcerer is knocked back by the mystic blast.
Your battlesphere fires!
The barrage of energy hits the deep elf sorcerer!!
You kill the deep elf sorcerer!
Vehumet accepts your kill.
You feel your power returning.
Your battlesphere wavers and loses cohesion.
A +3 trident of venom comes into view.
You feel a surge of power!
You conjure a globe of magical energy.
You now have 29/50 mp.
You feel a surge of power!
You erupt in a blast of force!
The mystic blast hits the +3 trident of venom!
The +3 trident of venom is knocked back by the mystic blast.
Your battlesphere fires!
The barrage of energy hits the +3 trident of venom.
You now have 26/50 mp.
You can't see any susceptible monsters within range! (Use Z to cast anyway.)
Aim: a +3 trident of venom (severely damaged, ally target, 100% to hit)
You feel a surge of power!
The magic dart hits the +3 trident of venom but does no damage.
Your battlesphere fires!
The barrage of energy hits the +3 trident of venom!!
The +3 trident of venom falls from the air.
Vehumet accepts your kill.
A deep elf master archer comes into view.
It is wearing a +3 plate armour of cold resistance.
You now have 25/50 mp.
Aim: a deep elf master archer, wearing a +3 plate armour of cold resistance and quivering stones (100% to hit)
You feel a surge of power!
The magic dart hits the deep elf master archer but does no damage.
The deep elf master archer drinks a potion.
The deep elf master archer flickers and vanishes!
Deactivating autopickup; reactivate with Ctrl-A.
You now have 24/50 mp.
You can't see any susceptible monsters within range! (Use Z to cast anyway.)
You feel a surge of power!
You conjure a prism of explosive energy!
A fulminant prism comes into view.
You hear a loud twanging sound.
An arrow appears from out of thin air!
The arrow hits you.
You take 4 damage, and have 102/106 hp.
You now have 21/50 mp.
Your fulminant prism crackles loudly.
You hear a loud twanging sound.
An arrow appears from out of thin air!
You reflect the arrow off an invisible shield around you!
You hear a loud twanging sound.
An arrow appears from out of thin air!
The arrow hits you!!
You hear a shout!
You take 29 damage, and have 73/106 hp.
MASSIVE DAMAGE!!
Okay, then.
You hear a loud twanging sound.
An arrow appears from out of thin air!
The arrow hits you!!
You take 18 damage, and have 56/106 hp.
You hear a loud twanging sound.
An arrow appears from out of thin air!
The arrow hits you!!
You take 24 damage, and have 32/106 hp.
MASSIVE DAMAGE!!
You hear a loud twanging sound.
An arrow appears from out of thin air!
The arrow hits you!!
* * * LOW HITPOINT WARNING * * *
You hear a loud twanging sound.
An arrow appears from out of thin air!
The arrow hits you!
You die...

*,,,,,+,,,,,#.....'...,,* *
*,,,,,**,,,##.....#...,,** **
*,,,.,,**,##......'...,,,** **,
*,,,....###.......#,,,,,,,***,,
***,,...).........##*,,,,,,,,,,,
*,*+,............## **,,,,,,,,,,
*,,*,.......)....# *,,,,,,,,,,
*,,**#.........*.# *,,,,,,,,,,
*,,,,##.......#@#######+*,,,,,,,
*,,,**#'#######........,*******+
*,,**...** #..........,,,* **,
*,**,..,,** #..........,,,* **,,
*,*,,,,,,,*##..........,,,***,,,
***,,,,,,,##...........,,,,**,,,
*,,,,,,,#.......###..,,,,,*,,,
**,,,,,*#......## *#.,,,,,**,,
**,,,**#.....## **,...,***,


You could see a friendly battlesphere.

Vanquished Creatures
  Asterion (Elf:2)
  5 deep elf blademasters
  2 deep elf master archers (Elf:3)
  Agnes (Elf:2)
  Frances (Elf:1)
  Donald (Orc:2)
  4 deep elf elementalists (Elf:3)
  5 deep elf sorcerers (Elf:3)
  Nessos (Lair:3)
  9 deep elf demonologists
  A minotaur (Gauntlet)
  10 deep elf annihilators
  4 deep elf death magi (Elf:3)
  An ettin (Orc:2)
  Josephine (Orc:2)
  3 deep elf high priests
  Fannar (Lair:1)
  3 hydras
  A boulder beetle (D:11)
  Harold (Lair:1)
  5 two-headed ogres
  6 death yaks (Lair:1)
  2 orc high priests (Elf:1)
  25 dancing weapons
  16 deep elf knights
  Amaemon (D:9)
  A pharaoh ant (Lair:2)
  15 deep elf archers
  Pikel (D:4)
  5 orc knights
  An orange crystal statue (Gauntlet)
  24 deep elf zephyrmancers
  A lindwurm (Lair:3)
  24 deep elf pyromancers
  A cyclops (Orc:2)
  2 manticores
  An oklob plant (Lair:5)
  2 orc sorcerers
  4 elephants (Lair:2)
  3 black mambas
  Maurice (D:8)
  A gargoyle (D:12)
  A torpor snail (Lair:1)
  An unseen horror (D:11)
  Maggie (Lair:1)
  A minotaur zombie (Gauntlet)
  An orange demon (Lair:1)
  8 cane toads
  3 rime drakes
  6 komodo dragons
  3 kobold demonologists
  4 trolls
  A queen bee (D:10)
  A wind drake (Lair:2)
  Prince Ribbit (D:5)
  6 hornets
  4 polar bears
  3 tarantellas (Lair:2)
  4 blink frogs (Lair:2)
  Grinder (D:5)
  3 dream sheep (Lair:5)
  4 air elementals
  8 slime creatures (Gauntlet)
  Sigmund (D:4)
  15 spriggans (Lair:5)
  A shadow (D:12)
  4 water elementals
  A fire elemental (Elf:1)
  3 wyverns
  7 wraiths
  44 yaks
  4 basilisks
  A steam dragon (D:9)
  9 vampire mosquitoes
  3 wargs
  3 acid dragons (D:11)
  Duvessa (D:5)
  Edmund (D:6)
  15 water moccasins
  8 black bears
  38 orc warriors
  A sky beast (D:7)
  2 ice beasts
  5 ogres
  21 wolves
  4 boggarts (Lair:5)
  19 centaurs
  2 phantoms
  9 kobold brigands
  11 bullfrogs
  2 earth elementals
  A gnoll sergeant (D:12)
  13 wights
  Dowan (D:5)
  A vampire bat (D:3)
  22 killer bees
  An electric eel (Lair:3)
  3 howler monkeys (D:9)
  10 jellies
  3 hounds
  Crazy Yiuf (D:3)
  21 orc priests
  Ijyb (D:4)
  3 iguanas
  22 orc wizards
  7 hell rats (Lair:3)
  8 ogre zombies (D:12)
  12 gnolls
  5 adders
  5 shadow imps
  A white imp (D:6)
  4 worms
  7 dart slugs
  6 fire bats
  70 orcs
  2 spectral bats (D:3)
  14 bats
  3 bat skeletons (D:3)
  A bat zombie (D:3)
  14 endoplasms
  A giant cockroach (D:3)
  6 goblins
  7 hobgoblins
  2 jackals (D:4)
  6 quokkas
  2 ball pythons
  A bat simulacrum (D:3)
  4 frilled lizards
  A goblin zombie (D:12)
  A hobgoblin skeleton (D:12)
  A hobgoblin zombie (D:12)
  46 kobolds
  9 kobold skeletons (D:10)
  9 kobold zombies (D:10)
  3 orc skeletons (D:12)
  19 orc zombies (D:12)
  10 rats
  A bush (Lair:5)
  A fire vortex (Lair:5)
  3 fulminant prisms
893 creatures vanquished.

Vanquished Creatures (others)
  A deep elf knight (Elf:3)
  A deep elf archer (Elf:1)
  A deep elf zephyrmancer (Elf:1)
  An air elemental (Elf:1)
  A water elemental (Elf:1)
  An orc priest (Elf:1)
  14 demonic plants (Gauntlet)
  335 fulminant prisms
  41 fungi
  157 plants
553 creatures vanquished.

Grand Total: 1446 creatures vanquished

Notes
Turn   | Place    | Note
-------+----------+-------------------------------------------
     0 | D:1      | OTABOTABOTAB the Deep Elf Conjurer began the quest for the
                  | Orb.
     0 | D:1      | Reached XP level 1. HP: 10/10 MP: 6/6
   162 | D:1      | Reached XP level 2. HP: 15/15 MP: 3/8
   213 | D:1      | Learned a level 2 spell: Searing Ray
   578 | D:1      | Reached skill level 4 in Spellcasting
   659 | D:1      | Reached skill level 5 in Conjurations
   659 | D:1      | Reached XP level 3. HP: 14/19 MP: 5/10
  1736 | D:2      | Reached XP level 4. HP: 24/24 MP: 3/12
  2279 | D:3      | Learned a level 4 spell: Fulminant Prism
  2284 | D:3      | Learned a level 4 spell: Iskenderun's Mystic Blast
  2472 | D:3      | Noticed a phantom
  2478 | D:3      | Killed a phantom
  2479 | D:3      | Reached skill level 5 in Spellcasting
  2479 | D:3      | Reached skill level 1 in Hexes
  2479 | D:3      | Reached skill level 1 in Translocations
  2479 | D:3      | Reached XP level 5. HP: 22/28 MP: 14/14
  2589 | D:3      | Reached skill level 2 in Hexes
  2758 | D:3      | Reached skill level 2 in Translocations
  2764 | D:3      | Reached skill level 6 in Conjurations
  2764 | D:3      | Reached XP level 6. HP: 32/32 MP: 8/16
  2976 | D:3      | Noticed a water moccasin
  2995 | D:3      | Reached skill level 3 in Hexes
  3000 | D:3      | Killed a water moccasin
  3001 | D:3      | Reached skill level 6 in Spellcasting
  3131 | D:3      | Found a glowing silver altar of Zin.
  3133 | D:3      | Found a glowing golden altar of the Shining One.
  3145 | D:3      | Found a white marble altar of Elyvilon.
  3173 | D:3      | Noticed an ice beast
  3180 | D:3      | Killed an ice beast
  3181 | D:3      | Reached skill level 3 in Translocations
  3181 | D:3      | Reached XP level 7. HP: 26/36 MP: 8/18
  3316 | D:3      | Found Mosuruh's Assorted Antiques.
  3324 | D:3      | Bought a scroll labelled YLETOHO YSAT for 18 gold pieces
  3324 | D:3      | Bought a scroll labelled WEKITR BEYHY for 18 gold pieces
  3695 | D:3      | Found a runed translucent door.
  3696 | D:3      | Noticed Crazy Yiuf
  3701 | D:3      | Killed Crazy Yiuf
  3958 | D:4      | Reached skill level 7 in Spellcasting
  3963 | D:4      | Reached skill level 7 in Conjurations
  4085 | D:4      | Noticed Sigmund
  4090 | D:4      | Killed Sigmund
  4091 | D:4      | Reached skill level 8 in Spellcasting
  4103 | D:4      | Noticed Ijyb
  4111 | D:4      | Killed Ijyb
  4128 | D:4      | Noticed Pikel
  4139 | D:4      | Killed Pikel
  4140 | D:4      | Reached skill level 9 in Spellcasting
  4140 | D:4      | Reached skill level 8 in Conjurations
  4140 | D:4      | Reached XP level 8. HP: 33/41 MP: 6/23
  4838 | D:5      | Entered Level 5 of the Dungeon
  4843 | D:5      | Reached skill level 9 in Conjurations
  4973 | D:5      | Noticed Prince Ribbit
  4980 | D:5      | Killed Prince Ribbit
  4981 | D:5      | Reached skill level 10 in Spellcasting
  5043 | D:5      | Found a staircase to the Ecumenical Temple.
  5052 | Temple   | Entered the Ecumenical Temple
  5080 | Temple   | Became a worshipper of Vehumet
  5288 | D:5      | Noticed Grinder
  5299 | D:5      | Killed Grinder
  5300 | D:5      | Reached XP level 9. HP: 45/45 MP: 12/25
  5668 | D:5      | Noticed Duvessa
  5668 | D:5      | Noticed Dowan
  5676 | D:5      | Killed Duvessa
  5677 | D:5      | Reached skill level 11 in Spellcasting
  5677 | D:5      | Reached skill level 10 in Conjurations
  5679 | D:5      | Killed Dowan
  6630 | D:6      | Noticed Edmund
  6637 | D:6      | Killed Edmund
  6923 | D:7      | Reached skill level 12 in Spellcasting
  7069 | D:7      | Found a sparkling altar of Nemelex Xobeh.
  7172 | D:7      | Reached skill level 11 in Conjurations
  7180 | D:7      | Reached * piety under Vehumet
  7180 | D:7      | Offered knowledge of Shock by Vehumet.
  7705 | D:7      | Identified the +0 scale mail "Ziubuc" {Drain Dex+8}
  8203 | D:8      | Noticed Maurice
  8224 | D:8      | Killed Maurice
  8225 | D:8      | Reached skill level 13 in Spellcasting
  8225 | D:8      | Reached XP level 10. HP: 44/50 MP: 4/29
  8551 | D:8      | You fall into a shaft and drop 3 floors!
  8560 | D:10     | Entered Level 10 of the Dungeon
  8804 | D:9      | Reached skill level 12 in Conjurations
  8834 | D:9      | Noticed a two-headed ogre
  8849 | D:9      | Killed a two-headed ogre
  8850 | D:9      | Reached skill level 14 in Spellcasting
  9027 | D:9      | Offered knowledge of Foxfire by Vehumet.
  9045 | D:9      | Reached ** piety under Vehumet
  9067 | D:9      | Reached skill level 13 in Conjurations
  9327 | D:8      | Offered knowledge of Kindle Blastsparks by Vehumet.
  9498 | D:8      | Found a burning altar of Makhleb.
  9499 | D:8      | Found a sacrificial altar of Ru.
  9716 | D:9      | Reached skill level 15 in Spellcasting
  9825 | D:9      | Found a staircase to the Lair.
 10489 | D:9      | Reached *** piety under Vehumet
 10490 | D:9      | Reached XP level 11. HP: 54/54 MP: 30/32
 10575 | D:10     | Noticed a two-headed ogre
 10581 | D:10     | Killed a two-headed ogre
 10582 | D:10     | Reached skill level 1 in Fighting
 10582 | D:10     | Reached skill level 3 in Dodging
 10679 | D:10     | Noticed a two-headed ogre
 10685 | D:10     | Killed a two-headed ogre
 10883 | D:10     | Reached skill level 4 in Dodging
 10924 | D:10     | Reached skill level 2 in Fighting
 10930 | D:10     | Noticed a two-headed ogre
 10953 | D:10     | Killed a two-headed ogre
 10953 | D:10     | Offered knowledge of Olgreb's Toxic Radiance by Vehumet.
 11224 | D:10     | Reached **** piety under Vehumet
 11286 | D:10     | Offered knowledge of Flame Wave by Vehumet.
 11287 | D:10     | Reached skill level 5 in Dodging
 11313 | D:10     | Reached skill level 14 in Conjurations
 11654 | D:10     | Found a stormy altar of Qazlal.
 11718 | D:10     | Reached skill level 3 in Fighting
 12066 | D:10     | Found an ancient bone altar of Kikubaaqudgha.
 12186 | D:11     | Reached ***** piety under Vehumet
 12190 | D:11     | Reached skill level 6 in Dodging
 12283 | D:11     | Offered knowledge of Starburst by Vehumet.
 12324 | D:11     | Noticed a boulder beetle
 12343 | D:11     | Killed a boulder beetle
 12344 | D:11     | Reached skill level 4 in Fighting
 12344 | D:11     | Reached skill level 7 in Dodging
 13151 | D:11     | Reached XP level 12. HP: 67/67 MP: 33/33
 13259 | Lair:1   | Entered Level 1 of the Lair of Beasts
 13321 | Lair:1   | Noticed Fannar
 13332 | Lair:1   | Killed Fannar
 13352 | Lair:1   | Noticed Amaemon
 13354 | Lair:1   | Reached skill level 5 in Fighting
 13354 | Lair:1   | Reached skill level 8 in Dodging
 13373 | D:9      | Killed Amaemon
 13374 | D:9      | Reached skill level 15 in Conjurations
 13634 | Lair:1   | Reached skill level 9 in Dodging
 13694 | Lair:1   | Noticed Maggie
 13704 | Lair:1   | Killed Maggie
 13705 | Lair:1   | Reached skill level 6 in Fighting
 13934 | Lair:1   | Noticed a death yak
 13935 | Lair:1   | Noticed a death yak
 13935 | Lair:1   | Noticed a death yak
 13935 | Lair:1   | Noticed Harold
 13936 | Lair:1   | Noticed a death yak
 13945 | Lair:1   | Noticed a death yak
 13947 | Lair:1   | Killed Harold
 13952 | Lair:1   | Killed a death yak
 13953 | Lair:1   | Noticed a death yak
 13955 | Lair:1   | Killed a death yak
 13958 | Lair:1   | Killed a death yak
 13959 | Lair:1   | Reached skill level 10 in Dodging
 13962 | Lair:1   | Killed a death yak
 13968 | Lair:1   | Killed a death yak
 13969 | Lair:1   | Reached skill level 7 in Fighting
 13970 | Lair:1   | Killed a death yak
 14361 | Lair:2   | Learned a level 6 spell: Starburst
 14365 | Lair:2   | Reached skill level 11 in Dodging
 14385 | Lair:2   | Reached skill level 1 in Fire Magic
 14532 | Lair:2   | Noticed an eight-headed hydra
 14540 | Lair:2   | Killed an eight-headed hydra
 14541 | Lair:2   | Reached skill level 2 in Fire Magic
 14541 | Lair:2   | Reached XP level 13. HP: 77/77 MP: 34/34
 14694 | Lair:2   | Found a hole to the Spider Nest.
 14815 | Lair:2   | Reached skill level 3 in Fire Magic
 14977 | Lair:2   | Found a staircase to the Shoals.
 15032 | Lair:2   | Offered knowledge of Eringya's Noxious Bog by Vehumet.
 15124 | Lair:2   | Reached skill level 4 in Fire Magic
 15552 | Lair:3   | Found a gate leading to a gauntlet.
 15568 | Gauntlet | Entered a Gauntlet
 15568 | Gauntlet | Found a transporter.
 15568 | Gauntlet | Found a transporter.
 15615 | Gauntlet | Found a transporter.
 15627 | Gauntlet | Found a transporter.
 15629 | Gauntlet | Found a large runed translucent door.
 15629 | Gauntlet | Found a large runed translucent door.
 15630 | Gauntlet | Found a large runed translucent door.
 15630 | Gauntlet | Found a large runed translucent door.
 15631 | Gauntlet | Found a large runed translucent door.
 15631 | Gauntlet | Found a large runed translucent door.
 15631 | Gauntlet | Found a runed translucent door.
 15631 | Gauntlet | Found a runed translucent door.
 15631 | Gauntlet | Found a large runed translucent door.
 15632 | Gauntlet | Found a large runed translucent door.
 15639 | Gauntlet | Found a large runed translucent door.
 15639 | Gauntlet | Found a large runed translucent door.
 15640 | Gauntlet | Found a large runed translucent door.
 15640 | Gauntlet | Found a large runed translucent door.
 15641 | Gauntlet | Found a large runed translucent door.
 15641 | Gauntlet | Found a large runed translucent door.
 15642 | Gauntlet | Found a runed translucent gate.
 15642 | Gauntlet | Found a runed translucent gate.
 15642 | Gauntlet | Found a runed translucent gate.
 15644 | Gauntlet | Found a transporter.
 15654 | Gauntlet | Found a large runed translucent door.
 15655 | Gauntlet | Found a large runed translucent door.
 15657 | Gauntlet | Found a transporter.
 15660 | Gauntlet | Found a transporter.
 15733 | Gauntlet | Found a transporter.
 15748 | Gauntlet | Found a transporter.
 15765 | Gauntlet | Found a transporter.
 15778 | Gauntlet | Found a transporter.
 15792 | Gauntlet | Noticed a dire elephant
 15855 | Gauntlet | Found a transporter.
 15859 | Gauntlet | Found a transporter.
 15872 | Gauntlet | Found a transporter.
 15884 | Gauntlet | Found a transporter.
 15884 | Gauntlet | Found a transporter.
 16351 | Gauntlet | Reached skill level 8 in Fighting
 16359 | Gauntlet | Identified the ring of Paranoia {rElec rF+ MP+9 Str+4
                  | Stlth+}
 16414 | Gauntlet | Reached skill level 5 in Fire Magic
 16496 | Gauntlet | Identified the +2 pair of boots of Integrity {Slay+5}
 16625 | Gauntlet | Identified the ring of Mistrust {rN+ Int+6}
 16645 | Gauntlet | Noticed a minotaur
 16649 | Gauntlet | Killed a minotaur
 17081 | Lair:3   | Reached skill level 12 in Dodging
 17128 | Lair:3   | Reached skill level 6 in Fire Magic
 17499 | Lair:3   | Noticed Nessos
 17502 | Lair:3   | Killed Nessos
 17680 | Lair:3   | Reached skill level 7 in Fire Magic
 17809 | Lair:3   | Found the +12 pair of quick blades "Gyre" and "Gimble"
                  | {protect}
 18029 | Lair:4   | Reached skill level 8 in Fire Magic
 18338 | Lair:4   | Found a viscous altar of Jiyva.
 18338 | Lair:4   | Found a staircase to the Slime Pits.
 18785 | Lair:5   | Entered Level 5 of the Lair of Beasts
 18812 | Lair:5   | Offered knowledge of Spellforged Servitor by Vehumet.
 18895 | Lair:5   | Reached skill level 9 in Fighting
 18898 | Lair:5   | Reached XP level 14. HP: 86/86 MP: 12/35
 18961 | Lair:5   | Reached skill level 13 in Dodging
 19031 | Lair:5   | Found a stormy altar of Qazlal.
 19706 | Lair:5   | Reached skill level 9 in Fire Magic
 20517 | Lair:5   | Offered knowledge of Lee's Rapid Deconstruction by Vehumet.
 21195 | D:12     | Found a staircase to the Orcish Mines.
 21673 | Orc:1    | Entered Level 1 of the Orcish Mines
 21694 | Orc:1    | Offered knowledge of Conjure Ball Lightning by Vehumet.
 22070 | Orc:2    | Entered Level 2 of the Orcish Mines
 22107 | Orc:2    | Found Dikebb's Book Emporium.
 22338 | Orc:2    | Found a staircase to the Elven Halls.
 22559 | Orc:2    | Noticed Donald
 22566 | Orc:2    | Reached skill level 14 in Dodging
 22577 | Orc:2    | Killed Donald
 22578 | Orc:2    | Reached skill level 10 in Fire Magic
 22946 | Orc:2    | Noticed Josephine
 22955 | Orc:2    | Killed Josephine
 22956 | Orc:2    | Reached skill level 16 in Conjurations
 22957 | Orc:2    | Reached skill level 10 in Fighting
 23226 | Orc:2    | Found Duom's Distillery.
 23226 | Orc:2    | Found Qeofiej's Magic Scroll Boutique.
 23228 | Orc:2    | Found Syaninn's Jewellery Shop.
 23230 | Orc:2    | Found Simav's Weapon Emporium.
 23467 | Orc:2    | Bought a scroll of acquirement for 832 gold pieces
 23467 | Orc:2    | Acquired the +0 buckler of the World {Will++ Str-4 Int+5}
 23757 | D:3      | Bought a potion of heal wounds for 90 gold pieces
 23757 | D:3      | Bought a long jewelled staff for 216 gold pieces
 24020 | Elf:1    | Entered Level 1 of the Elven Halls
 24035 | Orc:1    | Offered knowledge of Irradiate by Vehumet.
 24386 | Elf:1    | Reached skill level 1 in Shields
 24402 | Elf:1    | HP: 20/88 [deep elf archer/arrow (13)]
 24472 | Elf:1    | Reached skill level 2 in Shields
 24484 | Elf:1    | Reached XP level 15. HP: 35/92 MP: 16/36
 24725 | Elf:1    | Reached skill level 3 in Shields
 24731 | Elf:1    | Reached skill level 16 in Spellcasting
 24858 | Elf:1    | Identified the +7 morningstar "Ronol" {vamp, Will+}
 25251 | Elf:1    | Found Engizuts's Antique Weapon Boutique.
 25310 | Elf:1    | Reached skill level 4 in Shields
 25311 | Elf:1    | Paralysed by an air elemental for 1 turns
 25317 | Elf:1    | Reached skill level 17 in Conjurations
 25890 | Elf:1    | Noticed Frances
 25905 | Elf:1    | Killed Frances
 26183 | Elf:1    | Found a runed translucent gate.
 26183 | Elf:1    | Found a runed translucent gate.
 26183 | Elf:1    | Found a runed translucent gate.
 26183 | Elf:1    | Found a runed translucent gate.
 26183 | Elf:1    | Found a runed translucent gate.
 26184 | Elf:1    | Found a runed translucent gate.
 26184 | Elf:1    | Noticed a shadow dragon
 26184 | Elf:1    | Noticed a storm dragon
 26529 | Elf:2    | Reached skill level 17 in Spellcasting
 26531 | Elf:2    | Reached skill level 5 in Shields
 26815 | Elf:2    | Found a runed translucent gate.
 26816 | Elf:2    | Found a runed translucent gate.
 26816 | Elf:2    | Found a runed translucent gate.
 26842 | Elf:2    | Noticed Asterion
 26863 | Elf:2    | Killed Asterion
 26909 | Elf:2    | Paralysed by an air elemental for 1 turns
 27169 | Elf:2    | Found a gateway to a bazaar.
 27423 | Bazaar   | Entered a bazaar
 27423 | Bazaar   | Found Semomp's Magic Scroll Shop.
 27423 | Bazaar   | Found Geuluni's Book Shop.
 27430 | Bazaar   | Bought a scroll of teleportation for 30 gold pieces
 27430 | Bazaar   | Bought a scroll of blinking for 75 gold pieces
 27430 | Bazaar   | Bought a scroll of teleportation for 30 gold pieces
 27434 | Bazaar   | Bought a book of the Spheres for 540 gold pieces
 27440 | Bazaar   | Learned a level 5 spell: Fireball
 27446 | Bazaar   | Learned a level 5 spell: Iskenderun's Battlesphere
 27454 | Bazaar   | Learned a level 7 spell: Orb of Destruction
 27614 | Elf:2    | Noticed a deep elf blademaster
 27621 | Elf:2    | Killed a deep elf blademaster
 27709 | Elf:2    | Noticed Agnes
 27712 | Elf:2    | Killed Agnes
 27725 | Elf:2    | HP: 19/92 [something/shard of ice (25)]
 28085 | Elf:2    | Reached ****** piety under Vehumet
 28173 | Elf:2    | Reached XP level 16. HP: 98/98 MP: 35/39
 28880 | Elf:3    | Entered Level 3 of the Elven Halls
 28883 | Elf:3    | Reached skill level 15 in Dodging
 28885 | Elf:3    | Reached skill level 18 in Spellcasting
 28890 | Elf:3    | Reached skill level 18 in Conjurations
 28914 | Elf:3    | Noticed a deep elf blademaster
 28920 | Elf:3    | Killed a deep elf blademaster
 29512 | Elf:3    | Noticed a Tzitzimitl
 29635 | Elf:3    | Offered knowledge of Ignition by Vehumet.
 29653 | Elf:2    | Learned a level 8 spell: Ignition
 29665 | Elf:3    | Noticed a deep elf blademaster
 29666 | Elf:3    | Noticed a deep elf blademaster
 29666 | Elf:3    | Noticed a deep elf blademaster
 29670 | Elf:3    | Killed a deep elf blademaster
 29671 | Elf:3    | Killed a deep elf blademaster
 29672 | Elf:3    | Reached skill level 11 in Fighting
 29680 | Elf:3    | Killed a deep elf blademaster
 30329 | Elf:3    | Reached skill level 11 in Fire Magic
 30350 | Elf:3    | Reached skill level 16 in Dodging
 30448 | Elf:3    | Noticed a deep elf master archer
 30837 | Elf:3    | HP: 25/100 [deep elf master archer/arrow (26)]
 30846 | Elf:3    | Killed a deep elf master archer
 31070 | Elf:3    | Noticed a deep elf master archer
 31081 | Elf:3    | Killed a deep elf master archer
 31401 | Elf:3    | Identified the +6 flail of Irrepressible Laughter {freeze,
                  | Contam rC+ rCorr Int+4}
 31454 | Elf:3    | Reached XP level 17. HP: 106/106 MP: 41/41
 31792 | Elf:3    | Identified the +8 war axe of Ryont {drain, Str+2}
 31792 | Elf:3    | Identified the ring "Cuenlasm" {Fly rF++ AC+4 Str-3 Dex+3}
 31805 | Elf:3    | Noticed a deep elf master archer
 31813 | Elf:3    | HP: 3/106 [something (29)]
 31813 | Elf:3    | Shot with an arrow by something

Illustrated notes

Levels and vault maps discovered:
D:1:      lightli_arrival_noodles, layout_basic
D:2:      layout_loops_ring, kennysheep_crisscross
D:3:      layout_basic, good_gods_mini_temple, serial_shops, shop,
          minmay_misc_feat_x, goddamned_bats, uniq_crazy_yiuf_cottage
D:4:      layout_gridville, uniq_sigmund, uniq_pikel, uniq_ijyb
D:5:      layout_cave_pools, lemuel_temple_firewalk_b,
          kennysheep_cross_bottleneck, chequers_serial_rivers_micro_b,
          uniq_grinder, uniq_prince_ribbit1, uniq_duvessa
D:6:      layout_loops_cross, uniq_edmund
D:7:      layout_loops_corners, nemelex_xobeh_ov_fountains_minmay
D:8:      layout_loops_ring, gammafunk_temple_overflow_statue, uniq_maurice
D:9:      minmay_octagon_keep, layout_long_grid, dpeg_oklobed_lair
D:10:     wander_kiku_kobolds, layout_loops_ring,
          nicolae_qazlal_style_of_elements, nicolae_looking_at_the_future
D:11:     layout_irregular_city
D:12:     layout_cross, zombieorc2_lemuel
Temple:   eino_wide_crystal_templ
Lair:1:   dreamdust_cave_troll, layout_chaotic_city, uniq_maggie, uniq_harold,
          uniq_fannar, uniq_amaemon
Lair:2:   layout_small_grid, minmay_shoals_entry_beasts,
          nicolae_spider_entry_lesser_pyramids
Lair:3:   cheibrodos_lair_overgrown_chateau, layout_regular_city,
          nicolae_volcano_entry_batcave, gauntlet_entry_generic,
          hangedman_lair_unloving_vines, nicolae_quartered_pool_impasse,
          serial_bayou_crossing, uniq_nessos
Lair:4:   layout_roguey, nicolae_slime_entry_slimehenge,
          infiniplex_staircase_pool
Lair:5:   minmay_lair_end_enchanted_forest, layout_gridlike, lemuel_oklob_altar
Orc:1:    layout_caves
Orc:2:    st_orc_rangers, layout_caves, serial_shops, nicolae_square_shop,
          special_room, uniq_josephine, uniq_donald
Elf:1:    elf_arrival_001, layout_geoelf_octagon, serial_shops,
          nicolae_shop_statue_plus, orc_legates, uniq_frances
Elf:2:    nicolae_elf_blades_crystal_corner, layout_gridlike, serial_shops,
          freezing_bzr, nicolae_elf_glass_and_crystal_pillar_1, uniq_agnes,
          uniq_asterion
Elf:3:    nooodl_elf_gasket, layout_rooms

Skill      XL: |  1  2  3  4  5  6  7  8  9 10 11 12 13 14 15 16 |
---------------+-------------------------------------------------+-----
Spellcasting   | 4 5 6 9 10 13 15 17 18 | 18.4
Conjurations   | 5 6 8 9 11 13 14 15 16 17 18 | 18.2
Hexes          | 1 2 3 |  3.0
Translocations | 1 2 3 |  3.0
Fighting       | 4 7 9 10 11 | 11.8
Dodging        | 7 11 12 14 16 | 16.6
Fire Magic     | 2 8 10 11 | 11.8
Shields        | 2 5 |  5.0
Stealth        | |  2.4

Action                   |  1- 3 |  4- 6 |  7- 9 | 10-12 | 13-15 | 16-18 || total
-------------------------+-------+-------+-------+-------+-------+-------++-------
Melee: Club              |     3 |     7 |     1 |       |       |       ||    11
       Staff             |       |       |       |     9 |     1 |       ||    10
 Cast: Magic Dart        |    88 |    38 |    89 |   122 |   181 |    52 ||   570
       Searing Ray       |     4 |    12 |    30 |    42 |    23 |       ||   111
       Iskenderun's Myst |       |     5 |    23 |    95 |   106 |    54 ||   283
       Fulminant Prism   |       |     3 |    39 |   114 |   177 |     5 ||   338
       Starburst         |       |       |       |    13 |   233 |     2 ||   248
       Orb of Destructio |       |       |       |       |     9 |    54 ||    63
       Iskenderun's Batt |       |       |       |       |     5 |    26 ||    31
       Fireball          |       |       |       |       |       |     2 ||     2
  Use: Scroll            |       |     7 |    12 |     6 |     6 |     3 ||    34
       Potion            |       |       |     1 |     3 |     3 |     4 ||    11
Armor: Robe              |     3 |     7 |     5 |    23 |    28 |     2 ||    68
Dodge: Dodged            |     4 |    23 |    17 |    53 |   107 |    18 ||   222
Block: Other             |       |       |     5 |    17 |       |       ||    22
       Reflection        |       |       |     1 |     6 |     9 |     8 ||    24
       Buckler           |       |       |       |       |    16 |    16 ||    32

Table legend: (Time is in decaauts)
 A = Elapsed time spent in this place.
 B = Non-inter-level travel time spent in this place.
 C = Inter-level travel time spent in this place.
 D = Time resting spent in this place.
 E = Time spent auto-exploring this place.
 F = Levels seen in this place.
 G = Mean time per level.
                   A        B        C        D        E       F      G
               +--------+--------+--------+--------+--------+-----+--------+
         Total |  31849 |  30227 |   1622 |   7145 |  17173 |  25 | 1274.0 |
       Dungeon |  14607 |  13625 |    982 |   1935 |   9652 |  12 | 1217.2 |
        Temple |     40 |     29 |     11 |      0 |     17 |   1 |   40.0 |
          Lair |   6259 |   6102 |    157 |    745 |   4157 |   5 | 1251.8 |
  Orcish Mines |   2132 |   2016 |    116 |    545 |    965 |   2 | 1066.0 |
   Elven Halls |   7543 |   7188 |    355 |   3719 |   2038 |   3 | 2514.3 |
        Bazaar |     33 |     33 |      0 |      0 |      0 |   1 |   33.0 |
      Gauntlet |   1230 |   1230 |      0 |    201 |    344 |   1 | 1230.0 |
               +--------+--------+--------+--------+--------+-----+--------+

Top non-repeatable levels by time:
   Elf:2: 3849 daAuts
   Elf:1: 2247 daAuts
  Lair:5: 1934 daAuts
    D:10: 1765 daAuts
     D:3: 1747 daAuts
     D:9: 1634 daAuts
   Orc:2: 1502 daAuts
   Elf:3: 1447 daAuts
     D:2: 1347 daAuts
Gauntlet: 1230 daAuts
  Lair:2: 1221 daAuts
  Lair:3: 1149 daAuts
     D:7: 1136 daAuts
    D:11: 1089 daAuts
     D:5: 1067 daAuts

Table legend:
 A = Kills in this place as a percentage of kills in entire the game.
 B = Kills by you in this place as a percentage of kills by you in the entire game.
 C = Kills by friends in this place as a percentage of kills by friends in the entire game.
 D = Other kills in this place as a percentage of other kills in the entire game.
 E = Experience gained in this place as a percentage of experience gained in the entire game.
 F = Experience gained in this place divided by the number of levels of this place that you have seen.
                   A       B       C       D       E      F
               +-------+-------+-------+-------+-------+----------------------
         Total | 100.0 | 100.0 |   N/A | 100.0 | 100.0 | 8934.0
       Dungeon |  46.0 |  46.2 |   N/A |   0.0 |  12.5 | 2335.5
          Lair |  20.7 |  20.7 |   N/A |   0.0 |  21.2 | 9482.2
  Orcish Mines |  11.4 |  11.5 |   N/A |   0.0 |   6.7 | 7525.5
   Elven Halls |  20.1 |  19.8 |   N/A | 100.0 |  57.7 | 42938.3
      Gauntlet |   1.8 |   1.8 |   N/A |   0.0 |   1.8 | 4048.0
               +-------+-------+-------+-------+-------+----------------------
